 Dungeon Crawl Stone Soup version 0.30-a0-715-gdb4ae3ece1 (webtiles) character file.

Game seed: 7782922653296341947

1913 Kuronicle the Insei (level 9, -10/61 HPs)
             Began as an Octopode Monk on Jan 23, 2023.
             Hit by a large rock thrown by a cyclops (35 damage)
             ... on level 6 of the Dungeon.
             The game lasted 00:24:27 (7169 turns).

Kuronicle the Insei (Octopode Monk)                 Turns: 7169, Time: 00:24:27

Health: -10/61     AC:  1    Str: 14    XL:     9   Next: 16%
Magic:  0/24       EV: 15    Int: 12    God:
Gold:   312        SH:  0    Dex: 15    Spells: 13/16 levels left

rFire   + . .      SeeInvis .      - Unarmed
rCold   . . .      Faith    .    (no shield)
rNeg    . . .      Spirit   +    (helmet restricted)
rPois   +          Reflect  .    h - amulet of guardian spirit
rElec   .          Harm     .    l - ring of protection from fire
rCorr   .          Rampage  .    j - ring of magical power
Will    .....                    o - ring of poison resistance
Stlth   ++++                     (no ring)
HPRegen 0.30/turn                (no ring)
MPRegen 0.19/turn                (no ring)
                                 (no ring)
                                 (no ring)

@: no status effects
A: almost no armour, amphibious, 8 rings, camouflage 1, gelatinous body 1,
(nimble swimmer 1), tentacles
a: no special abilities


You were on level 6 of the Dungeon.
You visited 1 branch of the dungeon, and saw 6 of its levels.

You collected 312 gold pieces.

Inventory:

Jewellery
 h - an amulet of guardian spirit (around mantle)
 j - a ring of magical power (right tentacle)
 l - a ring of protection from fire (left tentacle)
 o - a ring of poison resistance (on tentacle)
Wands
 d - a wand of flame (15)
 m - a wand of roots (8)
Scrolls
 c - a scroll of blinking
 e - 3 scrolls of identify
 g - 2 scrolls of teleportation
 k - a scroll of fear
Potions
 a - 2 potions of ambrosia
 f - 3 potions of curing
 i - a potion of might


   Skills:
 * Level 5.3 Fighting
 * Level 5.3 Dodging
 + Level 4.0 Stealth
 * Level 6.7 Unarmed Combat
 + Level 4.3 Spellcasting
 + Level 4.3 Conjurations
 * Level 1.5 Translocations
 * Level 1.7 Evocations


You had 13 spell levels left.
You knew the following spells:

 Your Spells              Type           Power      Damage    Failure   Level
a - Magic Dart            Conj           52%        1d5       3%          1
b - Blink                 Tloc           12%        N/A       17%         2

Your spell library contained the following spells:

 Spells                   Type           Power      Damage    Failure   Level
 Momentum Strike          Conj/Tloc      18%        3d8       10%         2
 Apportation              Tloc           12%        N/A       11%         1
 Lesser Beckoning         Tloc           12%        N/A       17%         2
 Necrotise                Necr           8%         1d4       22%         1
 Summon Small Mammal      Summ           8%         N/A       22%         1
 Call Imp                 Summ           2%         N/A       32%         2
 Mephitic Cloud           Conj/Pois/Air  6%         N/A       34%         3
 Alistair's Intoxication  Tmut/Pois      1%         N/A       99%         5


Dungeon Overview and Level Annotations

Branches:
Dungeon (6/15)
 Temple: D:4-7

Altars:
Fedhas
Kikubaaqudgha
Okawaru
Ru
Vehumet
The Shining One

Shops:
D:3 :   D:4 (   D:5 *


Innate Abilities, Weirdness & Mutations

You cannot wear most types of armour.
You are amphibious.
You can wear up to eight rings at the same time.
Your skin changes colour to match your surroundings (Stealth+).
Your rubbery body absorbs attacks. (AC +1, EV +1)
((You are camouflaged when in or above water. (Stealth+)))
You have tentacles for arms and can constrict up to eight enemies at once.


Message History

Aiming: Magic Dart (safe; 3% risk of failure)
Press: ? - help, Shift-Dir - straight line, f/p - cyclops
Aim: a cyclops, quivering large rocks (100% to hit)
The magic dart hits the cyclops.
The cyclops is lightly wounded.
Casting: Magic Dart (safe; 3% risk of failure)
Confirm with . or Enter, or press ? or * to list all spells.
Aiming: Magic Dart (safe; 3% risk of failure)
Press: ? - help, Shift-Dir - straight line, f/p - cyclops
Aim: a cyclops, quivering large rocks (100% to hit)
You miscast Magic Dart.
You are very lightly contaminated with residual magic.
Nothing appears to happen.
The cyclops throws a large rock.
The large rock closely misses you.
The cyclops throws a large rock.
The large rock hits you!!
Your magical contamination has completely faded away.
As you read the scroll of identify, it crumbles to dust.
n - a scroll of amnesia You drop a scroll of amnesia.
As you read the scroll of identify, it crumbles to dust.
q - a scroll of poison
As you read the scroll of identify, it crumbles to dust.
p - a scroll of immolation You drop a scroll of immolation.
You start resting.
Magic restored.
You start resting.
HP restored.
The cyclops shouts!
The air fills with toxic fumes!
As you read the scroll of poison, it crumbles to dust.
The cyclops throws a large rock.
The large rock hits you!!!
Ouch! That really hurt!
The cyclops is engulfed in poison gas.
The cyclops is poisoned.
The cyclops looks even sicker.
The cyclops is engulfed in poison gas.
The cyclops looks even sicker.
The cyclops is engulfed in poison gas.
The cyclops looks as sick as possible!
The cyclops throws a large rock.
The large rock hits you!!!
Ouch! That really hurt!
You die...

############......# ###
#...>.............# ..#
#.................#########
#.###.........................#
#...#...........####..........#
###.?...........# #....§.....# #
###...........# #..☼C§.....#
######'#############§§§§§.....###
...)............@..§§§§§§........
######..############☼§§○○.....##.
..# ##..# #..§§§.....##.
#.######.# #....§.....##.
#.#.†....# #.............
..#.###..###########......####.##
.[...<..................'##~~###~
.....................##.#~~~~~~'~
.....................##.#~~~~~~'.


You could see a cyclops (extremely poisoned).

Vanquished Creatures
  Sigmund (D:5)
  Eustachio (D:5)
  2 water moccasins (D:6)
  2 black bears (D:6)
  An ice beast (D:5)
  A centaur (D:6)
  4 bullfrogs (D:6)
  2 necrophages (D:6)
  2 scorpions
  2 howler monkeys
  A jelly (D:5)
  3 orc priests
  3 iguanas
  2 orc wizards
  9 adders
  2 shadow imps (D:6)
  3 white imps (D:6)
  2 ufetubi (D:4)
  A worm (D:2)
  2 dart slugs
  13 orcs
  5 bats
  6 endoplasms
  5 giant cockroaches
  11 goblins
  15 hobgoblins
  8 kobolds
  A quokka (D:4)
  5 ball pythons
  3 frilled lizards
  4 rats
122 creatures vanquished.

Vanquished Creatures (others)
  16 plants
  4 withered plants (D:5)
20 creatures vanquished.

Grand Total: 142 creatures vanquished

Notes
Turn   | Place    | Note
-------+----------+-------------------------------------------
     0 | D:1      | Kuronicle the Octopode Monk began the quest for the Orb.
     0 | D:1      | Reached XP level 1. HP: 16/16 MP: 1/1
   158 | D:1      | Reached XP level 2. HP: 21/21 MP: 2/2
   595 | D:1      | Reached XP level 3. HP: 23/26 MP: 3/3
  1074 | D:2      | Learned a level 1 spell: Magic Dart
  1144 | D:2      | Found a glowing golden altar of the Shining One.
  1704 | D:3      | Found Denweil's Book Emporium.
  2017 | D:3      | Found a radiant altar of Vehumet.
  2658 | D:4      | Noticed a scorpion
  2674 | D:3      | Reached XP level 4. HP: 29/33 MP: 4/4
  2681 | D:3      | Killed a scorpion
  2817 | D:4      | Reached skill level 4 in Unarmed Combat
  2862 | D:4      | Found Wees's Antique Weapon Shop.
  2932 | D:4      | Reached XP level 5. HP: 37/37 MP: 5/5
  3039 | D:4      | Reached skill level 1 in Conjurations
  3223 | D:4      | Found a sacrificial altar of Ru.
  3543 | D:4      | Reached XP level 6. HP: 43/43 MP: 0/6
  3637 | D:4      | Reached skill level 1 in Spellcasting
  3884 | D:4      | Found an iron altar of Okawaru.
  4048 | D:5      | Entered Level 5 of the Dungeon
  4072 | D:5      | Found Koeleig's Overcharged Wands.
  4167 | D:5      | Noticed an ice beast
  4183 | D:5      | Killed an ice beast
  4184 | D:5      | Reached skill level 5 in Unarmed Combat
  4277 | D:5      | Noticed Sigmund
  4320 | D:5      | Killed Sigmund
  4321 | D:5      | Reached XP level 7. HP: 19/48 MP: 1/10
  4903 | D:5      | Found a blossoming altar of Fedhas.
  4941 | D:5      | Found an ancient bone altar of Kikubaaqudgha.
  5062 | D:5      | Noticed Eustachio
  5075 | D:5      | Killed Eustachio
  5662 | D:5      | Learned a level 2 spell: Blink
  5708 | D:6      | Reached XP level 8. HP: 41/54 MP: 12/12
  6074 | D:6      | Noticed a cyclops
  6107 | D:6      | HP: 2/54 [cyclops/large rock (32)]
  6159 | D:6      | Reached skill level 6 in Unarmed Combat
  6173 | D:6      | Reached skill level 5 in Dodging
  6219 | D:6      | Reached skill level 5 in Fighting
  6464 | D:6      | Reached skill level 1 in Translocations
  6469 | D:6      | Reached skill level 1 in Evocations
  6474 | D:6      | Reached XP level 9. HP: 35/61 MP: 12/15
  7169 | D:6      | Hit by a large rock thrown by a cyclops

Illustrated notes

Levels and vault maps discovered:
D:1:      heliophobic_arrival_ceremonial_halls, layout_rooms
D:2:      layout_basic, basic_altar
D:3:      layout_basic, nicolae_vehumet_altar_sigil, serial_shops,
          nicolae_diamond_shop
D:4:      minmay_chambers_of_fours, layout_cave_pools,
          mainiacjoe_overflow_chevrons, serial_shops, nicolae_lakefront_shop,
          minmay_ruined_shrine
D:5:      corexii_shack_village, layout_loops_ring,
          mainiacjoe_overflow_alcove_4, kiku_gazebo_garden_becter,
          nicolae_shop_overcharged_wands, uniq_sigmund, uniq_eustachio
D:6:      layout_basic, gup_sewer_entry_bowl, minmay_fractal_squares_5

Skill      XL: |  1  2  3  4  5  6  7  8 |
---------------+-------------------------+-----
Stealth        | 3 4 |  4.0
Unarmed Combat | 4 5 6 |  6.7
Conjurations   | 1 2 3 4 |  4.3
Spellcasting   | 2 3 4 |  4.3
Fighting       | 4 5 |  5.3
Dodging        | 4 5 |  5.3
Translocations | 1 |  1.5
Evocations     | 1 |  1.7

Action                     |  1- 3 |  4- 6 |  7- 9 || total
---------------------------+-------+-------+-------++-------
  Melee: Unarmed           |    69 |    97 |    98 ||   264
         Constrict         |    14 |    21 |    25 ||    60
         Tentacles         |    12 |    16 |    33 ||    61
         Punch             |     2 |     5 |     9 ||    16
  Throw: Stone             |     1 |       |       ||     1
   Cast: Magic Dart        |     7 |    38 |   128 ||   173
         Blink             |       |       |     3 ||     3
    Use: Scroll            |    10 |     3 |     5 ||    18
         Potion            |     1 |     6 |     1 ||     8
   Stab: Sleeping          |     3 |     1 |       ||     4
 Armour: Skin              |     7 |     4 |    10 ||    21
  Dodge: Dodged            |    53 |    76 |    72 ||   201

Table legend: (Time is in decaauts)
 A = Elapsed time spent in this place.
 B = Non-inter-level travel time spent in this place.
 C = Inter-level travel time spent in this place.
 D = Time resting spent in this place.
 E = Time spent auto-exploring this place.
 F = Levels seen in this place.
 G = Mean time per level.
                   A        B        C        D        E       F      G
               +--------+--------+--------+--------+--------+-----+--------+
         Total |   7143 |   6649 |    494 |   1121 |   3967 |   6 | 1190.5 |
       Dungeon |   7143 |   6649 |    494 |   1121 |   3967 |   6 | 1190.5 |
               +--------+--------+--------+--------+--------+-----+--------+

Top non-repeatable levels by time:
     D:5: 1646 daAuts
     D:6: 1459 daAuts
     D:4: 1278 daAuts
     D:3: 1166 daAuts
     D:2: 936 daAuts
     D:1: 657 daAuts
